[Event "*** Titled Tuesday Blitz"]
[Site "Chess.com"]
[Date "2020.10.20"]
[Round "8"]
[White "CM_rui"]
[Black "TrenerChos"]
[Result "1-0"]
[WhiteElo "2354"]
[BlackElo "2176"]
[TimeControl "180+1"]
[EndTime "11:32:23 PDT"]
[Termination "CM_rui won by resignation"]

1. e4 c5 2. Nf3 Nc6 3. c4 e6 4. d4 cxd4 5. Nxd4 Be7 6. Be2 Bf8 7. Be3 Nf6 8. Nc3 Bb4 9. Nxc6 bxc6 10. f3 O-O 11.
O-O d5 12. cxd5 exd5 13. exd5 cxd5 14. Nb5 Re8 15. Bf2 Ba6 16. a3 Rxe2 17. Qxe2 Bf8 18.
Rfd1 Qb6 19. Bxb6 1-0

[Event "*** Titled Tuesday Blitz"]
[Site "Chess.com"]
[Date "2020.10.20"]
[Round "8"]
[White "gagtemp"]
[Black "CLG_Nemsko"]
[Result "0-1"]
[WhiteElo "1955"]
[BlackElo "2205"]
[TimeControl "180+1"]
[EndTime "11:32:27 PDT"]
[Termination "CLG_Nemsko won by resignation"]

1. e4 c5 2. Nf3 d6 3. d4 cxd4 4. Nxd4 Nf6 5. Nc3 Nc6 6. Bc4 e5 7. Nde2 Be6 8. Bxe6 fxe6 9. O-O Be7 10. f4 O-O 11. f5 exf5 12. Rxf5 Qb6+ 13. Kh1 Ng4 14.
Rxf8+ Rxf8 0-1

[Event "*** Titled Tuesday Blitz"]
[Site "Chess.com"]
[Date "2020.10.20"]
[Round "8"]
[White "chessknight02"]
[Black "PhileKhoob"]
[Result "0-1"]
[WhiteElo "2301"]
[BlackElo "2544"]
[TimeControl "180+1"]
[EndTime "11:32:40 PDT"]
[Termination "PhileKhoob won by resignation"]

1. d4 Nf6 2. c4 g6 3. Nc3 d5 4.
Nf3 Bg7 5. cxd5 Nxd5 6. g3 O-O 7. Bg2 Nb6 8. O-O Nc6 9. e3 Re8 10. b3 e5 11. dxe5 Nxe5 12. Bb2 Qxd1 13. Rfxd1 Bg4 14. Nb5 Nxf3+ 15. Bxf3 Bxf3 16. Bxg7 Kxg7 17. Nxc7 Bxd1 18. Rxd1 Red8 0-1

[Event "*** Titled Tuesday Blitz"]
[Site "Chess.com"]
[Date "2020.10.20"]
[Round "8"]
[White "AlexTriapishko"]
[Black "grunbergmihai"]
[Result "1-0"]
[WhiteElo "2788"]
[BlackElo "2506"]
[TimeControl "180+1"]
[EndTime "11:32:47 PDT"]
[Termination "AlexTriapishko won by resignation"]

1. b3 e5 2. Bb2 Nc6 3. e3 Nf6 4. c4 Be7 5. a3 O-O 6. Qc2 d5 7. cxd5 Nxd5 8. Nf3 Bf6 9. d3 Bg4 10. Nbd2 Qd7 11. Be2 Rfe8 12. O-O Rad8 13. Ne4 Bf5 14. Nc5 Qc8 15. e4 Nf4 16. exf5 Qxf5 17.
Nxb7 Nd4 18. Nxd4 exd4 19. Bf3 Nxd3 20. Nxd8 1-0

[Event "*** Titled Tuesday Blitz"]
[Site "Chess.com"]
[Date "2020.10.20"]
[Round "8"]
[White "SergeyShtyka"]
[Black "ezkybel"]
[Result "1-0"]
[WhiteElo "2298"]
[BlackElo "2439"]
[TimeControl "180+1"]
[EndTime "11:33:22 PDT"]
[Termination "SergeyShtyka won by resignation"]

1. e4 e6 2. Nf3 c5 3. d4 d5 4. exd5 exd5 5. Nc3 Nf6 6. Bb5+ Nc6 7. Ne5 Bd7 8. Nxd7 Qxd7 9. O-O Be7 10. dxc5 O-O 11. Bg5 d4 12. Ne2 Rad8 13. Ng3 h6 14. Bxf6 Bxf6 15.
Ne4 Be7 16. a3 f5 17. Ng3 Bxc5 18. Qf3 a6 19. Bd3 Ne5 20. Qe2 f4 21. Qxe5 fxg3 22. Qxc5 gxh2+ 23. Kh1 Qg4 24. Rae1 Kh8 25. Re4 Qg5 26.
Qxg5 hxg5 27. Kxh2 1-0

[Event "*** Titled Tuesday Blitz"]
[Site "Chess.com"]
[Date "2020.10.20"]
[Round "8"]
[White "mr65"]
[Black "niki_2003"]
[Result "1-0"]
[WhiteElo "2160"]
[BlackElo "1842"]
[TimeControl "180+1"]
[EndTime "11:33:45 PDT"]
[Termination "mr65 won by resignation"]

1. e4 c5 2. Nf3 d6 3. Nc3 Nf6 4. e5 dxe5 5. Nxe5 g6 6. g3 Bg7 7.
Bg2 O-O 8. O-O Qc7 9. Nc4 a6 10. a4 Nc6 11. h3 Be6 12. d3 Bxc4 13. dxc4 Na5 14. Nd5 Nxd5 15. cxd5 Rfd8 16. Bf4 Qd7 17. b3 Bxa1 18. Qxa1 b5 19. Qc3 b4 20. Qxc5 Nb7 21. Qxb4 a5 22. Qd4 e6 23. c4 exd5 24. Bxd5 Rac8 25. Qf6 Nd6 26. Be5 1-0

[Event "*** Titled Tuesday Blitz"]
[Site "Chess.com"]
[Date "2020.10.20"]
[Round "8"]
[White "gusmaster2262"]
[Black "Wilver92"]
[Result "1-0"]
[WhiteElo "2183"]
[BlackElo "2390"]
[TimeControl "180+1"]
[EndTime "11:33:59 PDT"]
[Termination "gusmaster2262 won by resignation"]

1. d4 e6 2. c4 Nf6 3. Nf3 d5 4. Nc3 Be7 5. Bf4 O-O 6. e3 Ne4 7. Nxe4 dxe4 8. Nd2 f5 9. Be2 Bd6 10. Bxd6 cxd6 11. O-O Rf6 12. b4 d5 13. b5 Rh6 14.
Qb3 Qd6 15. h3 Nd7 16. Rfc1 g5 17. c5 Qe7 18. c6 bxc6 19. bxc6 Nf6 20. c7 g4 21. Qb8 Nd7 22. Qxa8 Qf8 23. Ba6 Bxa6 24. c8=Q Bxc8 25. Rxc8 Rf6 26. Rxf8+ Nxf8 27. Qxa7 1-0

[Event "*** Titled Tuesday Blitz"]
[Site "Chess.com"]
[Date "2020.10.20"]
[Round "8"]
[White "Shahinyan_ChessMood"]
[Black "Heineccius"]
[Result "1-0"]
[WhiteElo "2737"]
[BlackElo "2535"]
[TimeControl "180+1"]
[EndTime "11:34:03 PDT"]
[Termination "Shahinyan_ChessMood won by checkmate"]

1. e4 c5 2. Nc3 e6 3. g3 a6 4. Bg2 b5 5. d3 Bb7 6. Nh3 d5 7. exd5 b4 8. O-O bxc3 9. dxe6 Bxg2 10.
exf7+ Kxf7 11. Ng5+ Kg6 12. Ne6 Qf6 13. Qg4+ Kf7 14.
Ng5+ Ke8 15. Re1+ Be7 16. Qc8# 1-0

[Event "*** Titled Tuesday Blitz"]
[Site "Chess.com"]
[Date "2020.10.20"]
[Round "8"]
[White "bascheyaro"]
[Black "szachuspl"]
[Result "1-0"]
[WhiteElo "2741"]
[BlackElo "2537"]
[TimeControl "180+1"]
[EndTime "11:34:04 PDT"]
[Termination "bascheyaro won by checkmate"]

1. d4 Nf6 2. Bf4 g6 3. Nc3 d5 4. Nb5 Na6 5. e3 c6 6. Na3 Nc7 7. Nf3 Bg7 8. c4 O-O 9. Be2 Bg4 10. O-O Bxf3 11. Bxf3 e6 12. Qb3 Rb8 13. Rfd1 Nd7 14. Rac1 a6 15. cxd5 exd5 16. Bxc7 Qxc7 17. Bxd5 Qd8 18.
Bf3 Kh8 19. Nc4 Qe7 20. Nb6 Nxb6 21. Qxb6 Rbd8 22. a3 f5 23. d5 cxd5 24. Rxd5 Rxd5 25. Bxd5 Rd8 26. Bxb7 Qd7 27. Bxa6 Be5 28. g3 Rb8 29. Qc5 Bxb2 30. Rb1 Qd2 31. a4 Rb3 32.
Qf8# 1-0

[Event "*** Titled Tuesday Blitz"]
[Site "Chess.com"]
[Date "2020.10.20"]
[Round "8"]
[White "MFBerna"]
[Black "Berardino"]
[Result "0-1"]
[WhiteElo "2427"]
[BlackElo "2589"]
[TimeControl "180+1"]
[EndTime "11:34:07 PDT"]
[Termination "Berardino won on time"]

1. b3 c5 2. Nf3 d6 3. Bb2 e5 4. c4 Nc6 5. Nc3 f5 6. g3 Nf6 7. Bg2 g6 8. d3 Bg7 9. O-O O-O 10. a3 h6 11. Rb1 Be6 12. Qd2 Rc8 13. Rfe1 Kh7 14. h3 Qd7 15. Kh2 Qf7 16. e3 g5 0-1

[Event "*** Titled Tuesday Blitz"]
[Site "Chess.com"]
[Date "2020.10.20"]
[Round "8"]
[White "pastouche06"]
[Black "Maghalashvili"]
[Result "0-1"]
[WhiteElo "2470"]
[BlackElo "2675"]
[TimeControl "180+1"]
[EndTime "11:34:14 PDT"]
[Termination "Maghalashvili won by resignation"]

1. d4 Nf6 2. c4 c5 3. d5 d6 4.
Nc3 g6 5. e4 Bg7 6. Nge2 O-O 7.
Ng3 e6 8. Be2 exd5 9. cxd5 Re8 10. O-O a6 11. a4 h5 12. f3 h4 13. Nh1 Nbd7 14. Nf2 Rb8 15. Bg5 Qb6 16. Qd2 h3 17. Nxh3 c4+ 18. Be3 Qc7 19. a5 Nc5 20. Ra3 Bxh3 21.
gxh3 b5 22. axb6 Rxb6 23. Na4 Nxa4 24. Rxa4 Nxe4 25. fxe4 Rxb2 26. Rxc4 Rxd2 27. Rxc7 Rxe2 28. Rfxf7 Be5 29. Bf4 Bd4+ 30. Kf1 Rf2+ 31. Ke1 Rxe4+ 32. Kd1 Rexf4 33. Rxf4 Rxf4 34. Rc6 Bc5 0-1

[Event "*** Titled Tuesday Blitz"]
[Site "Chess.com"]
[Date "2020.10.20"]
[Round "8"]
[White "KarstenHansch"]
[Black "DenisQ"]
[Result "0-1"]
[WhiteElo "2502"]
[BlackElo "2676"]
[TimeControl "180+1"]
[EndTime "11:34:17 PDT"]
[Termination "DenisQ won by resignation"]

1. e4 c6 2. d4 d5 3. e5 c5 4. dxc5 Nc6 5. Nf3 Bg4 6. Bb5 e6 7. O-O Bxc5 8. a3 Ne7 9. b4 Bb6 10. Bb2 O-O 11. Nbd2 a5 12. h3 Bxf3 13. Nxf3 axb4 14.
Qd2 Bc5 15. a4 Qc7 16. Kh1 Rac8 17. Rfe1 Rfd8 18. Re2 d4 19. Ne1 Nxe5 20. Nd3 Nxd3 21. Bxd3 Ng6 22. Rae1 Nf4 23. Re4 Nxd3 24. Qxd3 Bf8 25.
R1e2 Qc4 26. Rxd4 Rxd4 27. Qxd4 Qxe2 0-1

[Event "*** Titled Tuesday Blitz"]
[Site "Chess.com"]
[Date "2020.10.20"]
[Round "8"]
[White "jamalm2"]
[Black "MuhittinBuker"]
[Result "0-1"]
[WhiteElo "1821"]
[BlackElo "2091"]
[TimeControl "180+1"]
[EndTime "11:34:18 PDT"]
[Termination "MuhittinBuker won by checkmate"]

1. Nf3 Nf6 2. c4 e6 3. e3 Be7 4.
b3 d5 5. Bb2 O-O 6. d4 b6 7.
Bd3 Bb7 8. Nbd2 Nbd7 9. O-O c5 10. Ne5 cxd4 11. exd4 dxc4 12. bxc4 Nxe5 13. dxe5 Qxd3 14. exf6 Bxf6 15. Bxf6 Qg6 16. f3 Qxf6 17. Ne4 Bxe4 18. fxe4 Qe5 19. Qg4 Rad8 20. Rad1 Qc5+ 21. Kh1 Qxc4 22.
Qh4 Rd4 23. Rxd4 Qxf1# 0-1

[Event "*** Titled Tuesday Blitz"]
[Site "Chess.com"]
[Date "2020.10.20"]
[Round "8"]
[White "mamey78"]
[Black "NotFischer"]
[Result "1-0"]
[WhiteElo "2407"]
[BlackElo "2257"]
[TimeControl "180+1"]
[EndTime "11:34:20 PDT"]
[Termination "mamey78 won by resignation"]

1. e4 d5 2. exd5 Nf6 3. Nf3 Bg4 4. d4 Qxd5 5. Be2 Nc6 6. h3 Bxf3 7. Bxf3 Qd7 8. d5 Ne5 9. c4 Nxc4 10. O-O O-O-O 11.
Nc3 Nb6 12. Qb3 Rg8 13. Bg5 Nfxd5 14. Rfd1 c6 15. a4 f6 16. a5 Kb8 17. axb6 fxg5 18. Nxd5 cxd5 19. Rxd5 1-0

[Event "*** Titled Tuesday Blitz"]
[Site "Chess.com"]
[Date "2020.10.20"]
[Round "8"]
[White "kot60"]
[Black "oogee"]
[Result "1-0"]
[WhiteElo "2334"]
[BlackElo "2171"]
[TimeControl "180+1"]
[EndTime "11:34:22 PDT"]
[Termination "kot60 won by resignation"]

1. e4 c5 2. Nc3 g6 3. Bc4 Bg7 4. d3 Nc6 5. f4 d6 6. f5 gxf5 7. Nf3 Nf6 8. O-O fxe4 9. dxe4 Bg4 10. Qe1 Bxf3 11. Rxf3 Ne5 12. Rg3 Nxc4 13. Rxg7 Ne5 14. Rg3 h6 15. Bf4 Ng6 16. Be3 Qd7 17. Rd1 O-O-O 18.
Bxc5 Qc6 19. Bxa7 b6 20. Nd5 Nxd5 21. exd5 Qc5+ 22. Kh1 Kb7 23. Bxb6 Kxb6 24. Rc3 Qa5 25. Rc6+ Kb5 26. c4+ Ka4 27. b3+ Ka3 28. Qxa5+ 1-0

[Event "*** Titled Tuesday Blitz"]
[Site "Chess.com"]
[Date "2020.10.20"]
[Round "8"]
[White "Yoshikrov"]
[Black "AliKa2810"]
[Result "0-1"]
[WhiteElo "2142"]
[BlackElo "2578"]
[TimeControl "180+1"]
[EndTime "11:34:35 PDT"]
[Termination "AliKa2810 won by resignation"]

1. e4 e6 2. d4 d5 3. Nd2 h6 4.
exd5 exd5 5. Bd3 Bd6 6. Ne2 Nf6 7. Nf3 Bg4 8. Nc3 O-O 9. Be3 Re8 10. h3 Bxf3 11.
Qxf3 c5 12. dxc5 Bxc5 13. O-O-O d4 14. Bb5 Nc6 15. Bf4 Qa5 16. Bxc6 bxc6 17. Nb1 Qxa2 18.
Qxc6 Rac8 19. Qb5 Nd5 20. Bd2 Rb8 0-1

[Event "*** Titled Tuesday Blitz"]
[Site "Chess.com"]
[Date "2020.10.20"]
[Round "8"]
[White "MashaFromRussia"]
[Black "FMalexhdez"]
[Result "0-1"]
[WhiteElo "2395"]
[BlackElo "2284"]
[TimeControl "180+1"]
[EndTime "11:34:44 PDT"]
[Termination "FMalexhdez won by resignation"]

1. d4 Nf6 2. c4 e6 3. g3 Bb4+ 4. Bd2 a5 5. Bg2 Qe7 6. Nf3 O-O 7. O-O Bxd2 8. Nbxd2 d6 9. e4 e5 10. d5 Nbd7 11.
Ne1 Nc5 12. Qc2 Ng4 13. h3 Nh6 14. Nd3 Nxd3 15. Qxd3 f5 16. exf5 Nxf5 17. Ne4 Nd4 18. Rae1 Bf5 19. Qd2 Qd7 20. Kh2 h6 21. Re3 Rf7 22. c5 Raf8 23. cxd6 cxd6 24. Qxa5 Bxe4 25. Rxe4 Rxf2 26. Rxf2 Rxf2 27. Qc3 Qf5 28. Qe3 Nf3+ 29. Kh1 Ng5 30. h4 Nxe4 31. Bxe4 Rf1+ 0-1

[Event "*** Titled Tuesday Blitz"]
[Site "Chess.com"]
[Date "2020.10.20"]
[Round "8"]
[White "LubovMarkelova"]
[Black "TurboSteen"]
[Result "1-0"]
[WhiteElo "2237"]
[BlackElo "2038"]
[TimeControl "180+1"]
[EndTime "11:34:44 PDT"]
[Termination "LubovMarkelova won by resignation"]

1. Nf3 c5 2. c4 Nc6 3. Nc3 e5 4. g3 g6 5. Bg2 d6 6. a3 Be6 7. d3 Bg7 8. b4 Nge7 9. b5 Nd4 10. Ng5 Bd7 11. Bxb7 h6 12. Nge4 Bh3 13. Bxa8 Qxa8 14. Nxd6+ Kf8 15. f3 h5 16. Be3 h4 17. Bxd4 exd4 18. Nce4 f5 19. Ng5 Bg2 20. Rg1 1-0

[Event "*** Titled Tuesday Blitz"]
[Site "Chess.com"]
[Date "2020.10.20"]
[Round "8"]
[White "kasparicy"]
[Black "korbul"]
[Result "0-1"]
[WhiteElo "2367"]
[BlackElo "2524"]
[TimeControl "180+1"]
[EndTime "11:34:51 PDT"]
[Termination "korbul won by resignation"]

1. e4 c5 2. Nf3 e6 3. d4 cxd4 4. Nxd4 Nf6 5. Nc3 d6 6. g4 a6 7.
g5 Nfd7 8. h4 b5 9. Be3 Bb7 10.
Bg2 b4 11. Nce2 Nc5 12. Ng3 Be7 13. Qd2 a5 14. O-O-O Nbd7 15. h5 Nb6 16. g6 Nc4 17.
Qe2 Nxe3 18. fxe3 O-O 19. h6 fxg6 20. hxg7 Rf7 21. Bh3 Qc8 22. Rhf1 Rxg7 23. Kb1 Ba6 24. Qg2 Bxf1 25. Rxf1 Kh8 26. Nge2 Qg8 27. Qh2 Rf8 28. Rh1 e5 29. Nc6 Bg5 30. Nxa5 Bxe3 31. b3 Rf2 32. Qg3 Rxe2 33. Bg4 Nxe4 34. Qh3 Nc3+ 35. Ka1 Rxc2 0-1

[Event "*** Titled Tuesday Blitz"]
[Site "Chess.com"]
[Date "2020.10.20"]
[Round "8"]
[White "Ural_bogatyr"]
[Black "BJthechessgod"]
[Result "1-0"]
[WhiteElo "2362"]
[BlackElo "2206"]
[TimeControl "180+1"]
[EndTime "11:35:02 PDT"]
[Termination "Ural_bogatyr won by checkmate"]

1. e4 c5 2. Nf3 e6 3. c3 Nf6 4. e5 Nd5 5. d4 cxd4 6. Qxd4 Nc6 7. Qe4 Be7 8. Bd3 h6 9. O-O d6 10. Rd1 dxe5 11. Nxe5 Nxe5 12. Qxe5 Bf6 13. Qe4 Bd7 14. c4 Nb4 15. Nc3 Bc6 16. Nd5 Nxd5 17. Bc2 Rc8 18. cxd5 Bxd5 19. Ba4+ Kf8 20. Qe2 Qa5 21.
Bc2 Qc7 22. Bd3 Qc6 23. Bb5 Qc2 24. Bd2 a6 25. Rac1 Qg6 26. Rxc8+ Ke7 27. Bb4# 1-0

[Event "*** Titled Tuesday Blitz"]
[Site "Chess.com"]
[Date "2020.10.20"]
[Round "8"]
[White "Evachess2006"]
[Black "Klavdia_Nik"]
[Result "0-1"]
[WhiteElo "1632"]
[BlackElo "2076"]
[TimeControl "180+1"]
[EndTime "11:35:03 PDT"]
[Termination "Klavdia_Nik won on time"]

1. e4 b6 2. d4 Bb7 3. Nc3 g6 4. Nf3 Bg7 5. Bd3 d6 6. O-O Nd7 7. Be3 c5 8. dxc5 bxc5 9. Rb1 a5 10. Nd5 Ngf6 11. Nxf6+ Nxf6 12. e5 Ng4 13. exd6 exd6 14. h3 Nxe3 15. fxe3 O-O 16. Qe2 d5 0-1

[Event "*** Titled Tuesday Blitz"]
[Site "Chess.com"]
[Date "2020.10.20"]
[Round "8"]
[White "Chessdreamer2020"]
[Black "Goryachkina"]
[Result "1/2-1/2"]
[WhiteElo "2469"]
[BlackElo "2652"]
[TimeControl "180+1"]
[EndTime "11:35:05 PDT"]
[Termination "Game drawn by agreement"]

1. e4 e6 2. d4 d5 3. Nd2 Nf6 4. e5 Nfd7 5. c3 b6 6. Nh3 g6 7. Qg4 Bg7 8. Nf3 f5 9. Qg3 Qe7 10. Bg5 Qf7 11. Bd2 h6 12. Nhg1 Ba6 13. Bxa6 Nxa6 14.
h4 O-O-O 15. Nh3 Rhe8 16. Nf4 Nf8 17. Nd3 Kb7 18. b4 Nb8 19. a4 a6 20. a5 b5 21.
Nc5+ Ka7 22. Kd1 Nfd7 23. Nd3 Rg8 24. Kc2 Bf8 25. Ng1 Nc6 26. f4 Be7 27. Nf3 h5 28.
Qf2 Kb8 29. Be3 Na7 30. Nd2 c6 31. Nb3 Kc7 32. Rae1 Nc8 33. Rh3 Rg7 34. Reh1 Rdg8 35. Qe2 Qf8 36. Qf2 Qf7 1/2-1/2

[Event "*** Titled Tuesday Blitz"]
[Site "Chess.com"]
[Date "2020.10.20"]
[Round "8"]
[White "GlennTipton"]
[Black "zurzan"]
[Result "1-0"]
[WhiteElo "2417"]
[BlackElo "2016"]
[TimeControl "180+1"]
[EndTime "11:35:05 PDT"]
[Termination "GlennTipton won by resignation"]

1. d4 d6 2. e4 g6 3. Nc3 Bg7 4. f4 c6 5. Nf3 Nf6 6. e5 dxe5 7. fxe5 Nd5 8. h4 Nxc3 9. bxc3 Bg4 10. Be2 Nd7 11.
Ng5 Bxe2 12. Qxe2 O-O 13. h5 h6 14. hxg6 hxg5 15. gxf7+ Rxf7 16. e6 Rf6 17. exd7 Qxd7 18.
Bxg5 Re6 19. Be3 c5 20. Rd1 Rd8 21. Qd3 cxd4 22. Qh7+ Kf8 23. O-O+ Rf6 24. Bxd4 Qc6 25. Bxf6 1-0

[Event "*** Titled Tuesday Blitz"]
[Site "Chess.com"]
[Date "2020.10.20"]
[Round "8"]
[White "Brave_spirit12"]
[Black "SophieNikoladze"]
[Result "1-0"]
[WhiteElo "2475"]
[BlackElo "2294"]
[TimeControl "180+1"]
[EndTime "11:35:06 PDT"]
[Termination "Brave_spirit12 won by resignation"]

1. e4 d6 2. d4 Nf6 3. Nc3 Nbd7 4. f4 e5 5. Nf3 Be7 6. Be2 O-O 7. O-O c6 8. Kh1 Qc7 9. d5 cxd5 10. exd5 a6 11.
fxe5 dxe5 12. Bg5 b5 13. Ne4 Nxe4 14. Bxe7 Qb6 15. Bxf8 Nxf8 16. Qe1 f6 17. Bd3 Nd6 18. Nd2 Bb7 19. Ne4 Nxe4 20. Bxe4 Qd4 21. c3 Qc5 22.
Rd1 Qd6 23. b3 Rc8 24. Rc1 Rc5 25. c4 b4 26. Qxb4 Bc8 27. Qa3 g6 28. b4 1-0

[Event "*** Titled Tuesday Blitz"]
[Site "Chess.com"]
[Date "2020.10.20"]
[Round "8"]
[White "AustrianFalcon"]
[Black "GregShahade"]
[Result "0-1"]
[WhiteElo "2458"]
[BlackElo "2662"]
[TimeControl "180+1"]
[EndTime "11:35:08 PDT"]
[Termination "GregShahade won on time"]

1. e4 e5 2. Nf3 Nc6 3. Bb5 a6 4.
Ba4 Nf6 5. O-O Be7 6. Re1 b5 7. Bb3 O-O 8. c3 d5 9. exd5 Nxd5 10. Nxe5 Nxe5 11. Rxe5 c6 12. d3 Bd6 13. Re1 Bf5 14. Qf3 Re8 15. Rxe8+ Qxe8 16. Nd2 Qe1+ 17. Nf1 Bg6 18.
g3 b4 19. c4 Nf6 20. Kg2 Re8 21. h3 Bc5 22. Be3 Qxa1 23. Bxc5 Qxb2 24. Bxb4 Qb1 0-1

[Event "*** Titled Tuesday Blitz"]
[Site "Chess.com"]
[Date "2020.10.20"]
[Round "8"]
[White "W_Amadeus"]
[Black "Anna_ChessMate"]
[Result "1-0"]
[WhiteElo "2743"]
[BlackElo "2546"]
[TimeControl "180+1"]
[EndTime "11:35:14 PDT"]
[Termination "W_Amadeus won by resignation"]

1. e4 c6 2. d4 d5 3. e5 Bf5 4. Nf3 e6 5. Be2 Nd7 6. O-O h6 7. a4 Ne7 8. a5 a6 9. b4 g5 10.
Nc3 Bg7 11. Na4 O-O 12. Bd3 f6 13. exf6 Rxf6 14. Bxf5 exf5 15. Qd3 f4 16. Re1 Nf5 17. Ne5 Nxd4 18. Nxd7 Qxd7 19. Bb2 f3 20. Bxd4 Qg4 21. g3 1-0

[Event "*** Titled Tuesday Blitz"]
[Site "Chess.com"]
[Date "2020.10.20"]
[Round "8"]
[White "ScarpaChess"]
[Black "Zemerovv"]
[Result "0-1"]
[WhiteElo "2334"]
[BlackElo "2298"]
[TimeControl "180+1"]
[EndTime "11:35:16 PDT"]
[Termination "Zemerovv won by resignation"]

1. d4 g6 2. c4 Bg7 3. e4 d6 4. Be2 e5 5. Be3 Nc6 6. Nf3 Bg4 7. d5 Bxf3 8. Bxf3 Nd4 9. Bxd4 exd4 10. O-O c5 11.
Nd2 Ne7 12. Be2 O-O 13. Bd3 f5 14. exf5 Nxf5 15. Bxf5 gxf5 16. Nf3 Kh8 17. Qd3 Qf6 18.
Rae1 Rae8 19. Rxe8 Rxe8 20. Re1 Rxe1+ 21. Nxe1 h6 22. b3 a6 23. Qe2 Qe5 24. Qd2 Qe4 25. f3 Qb1 26. Kf2 Kh7 27. Qc2 Qxc2+ 28. Nxc2 d3 29. Ne3 Bd4 30. g3 d2 0-1

[Event "*** Titled Tuesday Blitz"]
[Site "Chess.com"]
[Date "2020.10.20"]
[Round "8"]
[White "glebus008"]
[Black "fabianvivasz"]
[Result "1-0"]
[WhiteElo "2346"]
[BlackElo "2425"]
[TimeControl "180+1"]
[EndTime "11:35:17 PDT"]
[Termination "glebus008 won by checkmate"]

1. e4 e5 2. Nf3 Nc6 3. d4 exd4 4. Bc4 Nf6 5. Ng5 Ne5 6. Bb3 h6 7. f4 hxg5 8. fxe5 Nh5 9. O-O d5 10. exd5 Bc5 11. Qf3 Qe7 12. d6 d3+ 13. Kh1 Qxe5 14. Qxf7+ Kd8 15. Bxg5+ Qxg5 16. dxc7# 1-0

[Event "*** Titled Tuesday Blitz"]
[Site "Chess.com"]
[Date "2020.10.20"]
[Round "8"]
[White "korkmaz16"]
[Black "ajedrezhoy"]
[Result "0-1"]
[WhiteElo "2347"]
[BlackElo "2227"]
[TimeControl "180+1"]
[EndTime "11:35:19 PDT"]
[Termination "ajedrezhoy won on time"]

1. e4 Nf6 2. e5 Nd5 3. Nc3 e6 4.
Nxd5 exd5 5. d4 d6 6. Nf3 dxe5 7.
Nxe5 Nd7 8. Nxf7 Kxf7 9. Qh5+ g6 10. Qxd5+ Kg7 11. Bc4 Bb4+ 12. c3 Qe7+ 13. Be3 Nb6 14. Qb5 Nxc4 15. Qxc4 Bd6 16. O-O Be6 17. d5 Bf7 18.
Bd4+ Kg8 19. Rfe1 Qh4 20. g3 Qg4 21. f3 Qxf3 22. Bxh8 Bxd5 23. Qe2 Qh1+ 24. Kf2 Qxh2+ 25. Kf1 Rf8+ 0-1

[Event "*** Titled Tuesday Blitz"]
[Site "Chess.com"]
[Date "2020.10.20"]
[Round "8"]
[White "MF1966Idrisov"]
[Black "tan275"]
[Result "1-0"]
[WhiteElo "2327"]
[BlackElo "2172"]
[TimeControl "180+1"]
[EndTime "11:35:20 PDT"]
[Termination "MF1966Idrisov won by checkmate"]

1. Nf3 d5 2. b3 Nf6 3. Bb2 g6 4. e3 Bg7 5. d4 c5 6. Bd3 O-O 7. O-O Ne4 8. Nbd2 Nxd2 9. Qxd2 Nc6 10. Rfd1 Bg4 11. Be2 Rc8 12. h3 Bf5 13. c4 dxc4 14. Bxc4 cxd4 15. Nxd4 Nxd4 16. Bxd4 e5 17. Bxa7 Qc7 18.
Qd6 Qxd6 19. Rxd6 e4 20. Bd4 Rfd8 21. Rxd8+ Rxd8 22. Rd1 Be5 23. Kf1 Bc7 24. Ke2 Ra8 25.
a4 Ba5 26. Bf6 b6 27. g4 Bc8 28. Rd8# 1-0

[Event "*** Titled Tuesday Blitz"]
[Site "Chess.com"]
[Date "2020.10.20"]
[Round "8"]
[White "Chessbard1972"]
[Black "Roza_Idrisova"]
[Result "1-0"]
[WhiteElo "2290"]
[BlackElo "2165"]
[TimeControl "180+1"]
[EndTime "11:35:20 PDT"]
[Termination "Chessbard1972 won by resignation"]

1. e4 c6 2. Nc3 d5 3. Nf3 a6 4. b3 Bg4 5. h3 Bh5 6. Bb2 e6 7. g4 Bg6 8. Qe2 Nf6 9. d3 d4 10. Nb1 Bb4+ 11. Nbd2 c5 12. Bg2 Nc6 13. O-O e5 14.
Nc4 Qe7 15. g5 Nd7 16. a4 Na5 17. Bc1 O-O 18. Nh4 Nxc4 19. bxc4 Qe6 20. Qf3 b5 21. Nf5 bxc4 22. h4 f6 23. Bh3 fxg5 24. Nh6+ gxh6 25. Bxe6+ Kg7 26. Qg3 gxh4 27. Qxh4 Nf6 28. Bxh6+ Kh8 29. Bxf8 Rxf8 30. Bxc4 Kg7 31. f4 exf4 32. Qxf4 h5 33. Qe5 1-0

[Event "*** Titled Tuesday Blitz"]
[Site "Chess.com"]
[Date "2020.10.20"]
[Round "8"]
[White "ZverevLev"]
[Black "WiktoriaPOL"]
[Result "0-1"]
[WhiteElo "2247"]
[BlackElo "2078"]
[TimeControl "180+1"]
[EndTime "11:35:23 PDT"]
[Termination "WiktoriaPOL won by resignation"]

1. e4 c5 2. Nf3 g6 3. d4 cxd4 4.
Qxd4 Nf6 5. e5 Nc6 6. Qh4 Nxe5 7.
Nxe5 Qa5+ 8. Bd2 Qxe5+ 9. Be2 Qxb2 10. Bc3 Qc1+ 11. Bd1 Qh6 12. Bxf6 exf6 13. Qxf6 Bg7 14. Qd6 Bxa1 15. O-O Qf8 16. Re1+ Kd8 17. Qd5 Qb4 18. c3 Bxc3 19. Nxc3 Qxc3 20. Re3 Re8 21. Rxe8+ Kxe8 22. h3 Qe1+ 23. Kh2 Qe6 24. Qd4 b6 25. Bf3 Rb8 26. Bd5 Qd6+ 27. g3 Ke7 28. Qe4+ Kf8 29.
Qf3 f6 30. Qc3 Qxd5 31. Qxf6+ Ke8 32. Qh8+ Ke7 33. Qg7+ Kd6 34. Qf8+ Kc7 35. Qf4+ Qd6 36. Qc4+ Kb7 37. Qe4+ Qc6 38. Qf4 Ka8 0-1

[Event "*** Titled Tuesday Blitz"]
[Site "Chess.com"]
[Date "2020.10.20"]
[Round "8"]
[White "dominikaf"]
[Black "KerryStead"]
[Result "1-0"]
[WhiteElo "2193"]
[BlackElo "2026"]
[TimeControl "180+1"]
[EndTime "11:35:23 PDT"]
[Termination "dominikaf won on time"]

1. e4 e5 2. c4 c6 3. Nc3 Bb4 4. Qb3 Bxc3 5. bxc3 Nf6 6. d3 Na6 7. Be3 Qe7 8. Be2 Rb8 9. a4 Nc5 10. Qc2 d5 11. cxd5 cxd5 12. f3 Be6 13. Nh3 h6 14.
Nf2 O-O 15. O-O b6 16. d4 exd4 17. cxd4 Ncxe4 18. fxe4 dxe4 19. Nxe4 Nd5 20. Bd2 Rbc8 21. Qd3 Rfd8 22. Rac1 Rxc1 23. Rxc1 Qh4 24. g3 Qh3 25. Qf3 1-0

[Event "*** Titled Tuesday Blitz"]
[Site "Chess.com"]
[Date "2020.10.20"]
[Round "8"]
[White "FMJoseHerrera"]
[Black "barriochess"]
[Result "0-1"]
[WhiteElo "2526"]
[BlackElo "2320"]
[TimeControl "180+1"]
[EndTime "11:35:28 PDT"]
[Termination "barriochess won on time"]

1. Nf3 Nf6 2. g3 g6 3. Bg2 Bg7 4. d3 O-O 5. Nc3 d5 6. h4 c5 7.
h5 d4 8. Nb1 Nxh5 9. Bg5 h6 10.
Bd2 Nf6 11. Bxh6 Bxh6 12. Rxh6 Kg7 13. Qd2 Rh8 14. Rxh8 Qxh8 15. Na3 Nc6 16. O-O-O Qh6 17. Ng5 Nh7 18. Rh1 Nxg5 19. Rxh6 Kxh6 20. Qf4 f6 21. Qc7 Ne6 0-1

[Event "*** Titled Tuesday Blitz"]
[Site "Chess.com"]
[Date "2020.10.20"]
[Round "8"]
[White "ajdemipopushi"]
[Black "TST2014"]
[Result "0-1"]
[WhiteElo "2343"]
[BlackElo "2505"]
[TimeControl "180+1"]
[EndTime "11:35:28 PDT"]
[Termination "TST2014 won on time"]

1. Nf3 Nf6 2. g3 c5 3. Bg2 Nc6 4. O-O e5 5. c4 d5 6. cxd5 Nxd5 7.
Nc3 Nc7 8. a3 Be7 9. b4 cxb4 10.
axb4 Bxb4 11. Nxe5 O-O 12. Nxc6 bxc6 13. Bxc6 Bh3 14.
Re1 a5 15. Bxa8 Qxa8 16. f3 Rd8 17. Qc2 Qa7+ 18. e3 Qb7 19. Kf2 Ne6 20. Qe4 Qd7 21.
Re2 Nc5 22. Qh4 Nd3+ 23. Kg1 Bxc3 24. dxc3 Nf4 25. Re1 Ng2 0-1